 Dungeon Crawl Stone Soup version 0.29-a0-323-g050149af67 (webtiles) character file.

Game seed: 1778833781673127548

119 spaghetti the Cutter (level 5, -2/36 HPs)
             Began as an Octopode Cinder Acolyte on Apr 10, 2022.
             Was a Follower of Ignis.
             Slain by Grinder (7 damage)
             ... while paralysed by Grinder
             ... on level 3 of the Dungeon.
             The game lasted 00:03:19 (2886 turns).

spaghetti the Cutter (Octopode Cinder Acolyte)      Turns: 2886, Time: 00:03:19

Health: -2/36      AC:  1    Str: 13    XL:     5   Next: 3%
Magic:  0/6        EV:  2    Int: 17    God:    Ignis [*.....]
Gold:   123        SH:  0    Dex:  9    Spells: 6/6 levels left

rFire   + . .      SeeInvis .   k - +0 short sword {short}
rCold   . . .      Faith    .   (no shield)
rNeg    . . .      Spirit   +   (helmet restricted)
rPois   .          Reflect  .   b - amulet of guardian spirit
rElec   .          Harm     .   (no ring)
rCorr   .          Rampage  .   (no ring)
Will    .....                   (no ring)
Stlth   ++........              (no ring)
HPRegen 0.12/turn               (no ring)
MPRegen 0.10/turn               (no ring)
                                (no ring)
                                (no ring)

@: paralysed
A: almost no armour, amphibious, 8 rings, camouflage 1, gelatinous body 1,
(nimble swimmer 1), tentacles
a: Renounce Religion, Fiery Armour, Foxfire Swarm, Rising Flame


You were on level 3 of the Dungeon.
You worshipped Ignis.
Ignis was aware of your devotion.
You visited 1 branch of the dungeon, and saw 3 of its levels.

You collected 123 gold pieces.


Innate Abilities, Weirdness & Mutations

You cannot wear most types of armour.
You are amphibious.
You can wear up to eight rings at the same time.
Your skin changes colour to match your surroundings (Stealth+).
Your rubbery body absorbs attacks. (AC +1, EV +1)
((You are camouflaged when in or above water. (Stealth+)))
You have tentacles for arms and can constrict up to eight enemies at once.


   Skills:
 - Level 3.0 Fighting
 + Level 4.5 Short Blades
 - Level 1.0 Spellcasting
 - Level 3.0 Fire Magic
 + Level 3.2 Evocations


You had 6 spell levels left.
You didn't know any spells.
Your spell library contained the following spells:

 Spells                   Type           Power      Damage    Failure   Level
 Scorch                   Fire           22%        2d6       10%         2
 Corpse Rot               Necr/Air       0%         N/A       32%         2
 Poisonous Vapours        Pois/Air       0%         N/A       32%         2

Inventory:

Hand Weapons
 a - a -1 short sword of flaming {short}
 k - a +0 short sword (weapon) {short}
   (You took it off a kobold on level 1 of the Dungeon)
Missiles
 d - 5 javelins (quivered) {throwing}
 q - 114 stones {throwing}
Jewellery
 b - an amulet of guardian spirit (around mantle)
   (You found it on level 1 of the Dungeon)
Scrolls
 c - 3 scrolls of immolation {unknown}
 e - 2 scrolls of fear {unknown}
 g - a scroll of vulnerability {unknown}
 h - a scroll of magic mapping {unknown}
 i - 4 scrolls of identify {unknown}
 n - 3 scrolls of noise {unknown}
 o - 2 scrolls of enchant weapon {unknown}
 p - a scroll of enchant armour {unknown}
 s - 3 scrolls of teleportation {unknown}
 u - a scroll of torment {unknown}
 w - a scroll of summoning {unknown}
Potions
 f - a potion of might {unknown}
 j - a potion of attraction {unknown}
 l - 2 potions of haste {unknown}
 m - a potion of curing {unknown}
 r - a potion of heal wounds {unknown}
 t - a potion of lignification {unknown}
 v - a potion of magic {unknown}
 x - a potion of cancellation {unknown}
 z - a potion of flight {unknown}
 A - a potion of invisibility {unknown}

Dungeon Overview and Level Annotations

Branches:
Dungeon (3/15)

Altars:

Annotations:
D:3 Grinder

## ##### ## .# . .. #[..#
.#.# # #.. #...# ...#
####.# #...# #..# .....+
#...# v..# # #..## #...#
##โ€ .# # ##..### #...#
###...#
###.#...####...####...###
...###.....##)##@5..###
..#.#.##......รท..####
#.##.###.####.#### #.##.#
#.# #.# #.##.# #.# #.#
.....###.# #.# .........#
#.# ........โ€ # #.#
#.####...# #.#


You could see Grinder.


Message History

You start resting. ๐Ÿ˜จ HP[+4] MP[+4]
You regained 4 hp, and now have 18/36 hp.
Your mp is fully restored (6).
Key pressed, stopping explore.
Key pressed, stopping explore.
There is an open door here.
Things that are here:
a +0 dagger {short}; an adder corpse; a bat corpse ๐Ÿ˜Ž HP[+18]
Your hp is fully restored (36).
d - 5 javelins {throwing} (gained 1)
A - a fizzy coppery potion You now have 123 gold pieces (gained 8).
There is an open door here.
Things that are here:
a +0 dagger {short}; an adder corpse; a bat corpse
Things that are here:
a jackal skeleton; a jackal skeleton Grinder comes into view.
Grinder shouts!
You aren't carrying any items that you can evoke.
A quokka comes into view.
You closely miss Grinder. Your grab misses Grinder. You barely miss Grinder.
You grab Grinder. You squeeze Grinder.
You constrict Grinder, but do no damage.
Grinder barely misses you.
Activating: Foxfire Swarm
Press: ? - help, Dir - look around, f - activate Flames leap up around you!
You constrict Grinder. Grinder hits you!
You writhe in agony.
The quokka misses you. ๐Ÿ˜• HP[-8] MP[-1]
You take 8 damage, and now have 28/36 hp.
MASSIVE DAMAGE!! (PAUSE)
You lost 1 mp, and now have 5/6 mp.
Unknown command.
You hit Grinder. You constrict Grinder.
The foxfire hits Grinder but does no damage.
The foxfire hits Grinder.
The foxfire hits Grinder but does no damage. x3
Grinder gestures at you. Pain shoots through your body!
* * * LOW HITPOINT WARNING * * *
The quokka bites you.
* * * LOW HITPOINT WARNING * * *
The foxfire hits Grinder but does no damage. ๐Ÿ˜จ HP[-14] MP[-3]
You take 14 damage, and now have 14/36 hp.
MASSIVE DAMAGE!! (PAUSE)
You lost 3 mp, and now have 2/6 mp.
Unknown command.
Activating: Foxfire Swarm
Press: ? - help, Dir - look around, f - activate Flames leap up around you!
You constrict Grinder.
The foxfire hits Grinder.
Grinder hits you!
* * * LOW HITPOINT WARNING * * *
You writhe in agony.
* * * LOW HITPOINT WARNING * * *
The quokka barely misses you. ๐Ÿ˜ฑ HP[-10] MP[-2]
You take 10 damage, and now have 4/36 hp.
MASSIVE DAMAGE!! (PAUSE)
You lost 2 mp, and now have 0/6 mp.
Unknown command.
You release your grip on Grinder.
The foxfire hits Grinder. x3
The foxfire hits Grinder but does no damage.
The foxfire hits Grinder. x2
Unknown command.
Unknown command.
Unknown command.
Activating: Foxfire Swarm
Press: ? - help, Dir - look around, f - activate Flames leap up around you!
The quokka barely misses you.
You barely miss the quokka. Your grab misses the quokka.
The foxfire hits the quokka.
The foxfire hits the quokka but does no damage.
The foxfire hits the quokka.
You kill the quokka!
The foxfire hits Grinder.
Unknown command.
Unknown command.
The foxfire hits Grinder.
Unknown command.
The foxfire hits Grinder but does no damage. ๐Ÿ˜ฑ HP[+1] Activating: Foxfire Swarm
Press: ? - help, Dir - look around, f - activate Flames leap up around you!
The foxfire hits Grinder.
Unknown command.
Unknown command.
The foxfire hits Grinder. x2
Unknown command.
Unknown command. ๐Ÿ˜ฑ MP[+1]
You aren't carrying any items that you can evoke.
Okay, then.
Grinder gestures at you.
You suddenly lose the ability to move!
Grinder hits you!
You die...

Skill      XL: |  1  2  3  4 |
---------------+-------------+-----
Evocations     | 1 2 3 |  3.2
Short Blades   | 4 |  4.5
Fighting       | |  3.0
Spellcasting   | |  1.0
Fire Magic     | |  3.0

Action                   |  1- 3 |  4- 6 || total
-------------------------+-------+-------++-------
Melee: Short sword       |    98 |    16 ||   114
       Constrict         |    25 |     4 ||    29
       Tentacles         |    18 |     5 ||    23
       Punch             |     2 |       ||     2
Throw: Javelin           |     3 |     1 ||     4
Invok: Foxfire Swarm     |     2 |     5 ||     7
 Stab: Sleeping          |     3 |     2 ||     5
Armor: Skin              |    12 |     3 ||    15
Dodge: Dodged            |    49 |     7 ||    56

Levels and vault maps discovered:
D:1:      eino_arrival_water_cross, layout_basic,
          hellmonk_ecumenical_altar_zigzags
D:2:      layout_rooms, serial_curves, eino_curves_02, eino_curves_02,
          minmay_cut_off
D:3:      layout_loops_ring, columned_hall_lemuel, minmay_divided_ellipse,
          uniq_grinder, uniq_ijyb

Notes
Turn   | Place    | Note
-------+----------+-------------------------------------------
     0 | D:1      | spaghetti the Octopode Cinder Acolyte began the quest for
                  | the Orb.
     0 | D:1      | Reached XP level 1. HP: 16/16 MP: 2/2
     0 | D:1      | magus.rc [v1.9.6]
   105 | D:1      | Found a faded altar of an unknown god.
   182 | D:1      | Reached XP level 2. HP: 21/21 MP: 3/3
   208 | D:1      | Reached skill level 1 in Evocations
   265 | D:1      | HP: 5/21 [bat (1)]
   604 | D:1      | Reached XP level 3. HP: 24/26 MP: 2/4
   928 | D:1      | Reached skill level 2 in Evocations
  1505 | D:2      | You pick up a book of Vapours and begin reading...
  1505 | D:2      | You add the spells Poisonous Vapours and Corpse Rot to your
                  | library.
  2163 | D:3      | Reached skill level 4 in Short Blades
  2388 | D:3      | Reached XP level 4. HP: 31/31 MP: 5/5
  2660 | D:3      | Reached skill level 3 in Evocations
  2661 | D:3      | Reached XP level 5. HP: 14/36 MP: 2/6
  2868 | D:3      | Noticed Grinder
  2874 | D:3      | HP: 7/36 [Grinder (7)]
  2883 | D:3      | Paralysed by Grinder for 6 turns
  2886 | D:3      | Slain by Grinder

Vanquished Creatures
  A jelly (D:3)
  2 adders (D:3)
  3 worms
  2 dart slugs
  4 bats
  4 endoplasms
  A giant cockroach (D:1)
  2 goblins (D:1)
  7 hobgoblins
  6 jackals
  7 kobolds
  2 quokkas (D:3)
  5 ball pythons
  4 frilled lizards
  3 rats
53 creatures vanquished.

Vanquished Creatures (others)
  51 foxfires
51 creatures vanquished.

Grand Total: 104 creatures vanquished

Table legend:
 A = Non-vault XP
 B = Vault XP
 C = Vault XP percentage of total XP
 D = Non-vault monster count
 E = Vault monster count
 F = Vault count percentage of total count
                 A         B        C        D         E       F
            +---------+---------+-------+---------+---------+-------
      Total |     100 |      71 |  41.5 |      45 |       8 |  15.1
            +---------+---------+-------+---------+---------+-------
        D:1 |      45 |       0 |   0.0 |      24 |       0 |   0.0
        D:2 |      14 |       8 |  36.4 |       8 |       3 |  27.3
        D:3 |      41 |      63 |  60.6 |      13 |       5 |  27.8
            +---------+---------+-------+---------+---------+-------

Illustrated notes

Table legend:
 A = Kills in this place as a percentage of kills in entire the game.
 B = Kills by you in this place as a percentage of kills by you in the entire game.
 C = Kills by friends in this place as a percentage of kills by friends in the entire game.
 D = Other kills in this place as a percentage of other kills in the entire game.
 E = Experience gained in this place as a percentage of experience gained in the entire game.
 F = Experience gained in this place divided by the number of levels of this place that you have seen.
                   A       B       C       D       E      F
               +-------+-------+-------+-------+-------+----------------------
         Total | 100.0 | 100.0 |   N/A |   N/A | 100.0 |  57.0
       Dungeon | 100.0 | 100.0 |   N/A |   N/A | 100.0 |  57.0
               +-------+-------+-------+-------+-------+----------------------

Table legend: (Time is in decaauts)
 A = Elapsed time spent in this place.
 B = Non-inter-level travel time spent in this place.
 C = Inter-level travel time spent in this place.
 D = Time resting spent in this place.
 E = Time spent auto-exploring this place.
 F = Levels seen in this place.
 G = Mean time per level.
                   A        B        C        D        E       F      G
               +--------+--------+--------+--------+--------+-----+--------+
         Total |   2876 |   2837 |     39 |    275 |   2219 |   3 |  958.7 |
       Dungeon |   2876 |   2837 |     39 |    275 |   2219 |   3 |  958.7 |
               +--------+--------+--------+--------+--------+-----+--------+

Top non-repeatable levels by time:
     D:1: 1205 daAuts
     D:3: 846 daAuts
     D:2: 824 daAuts
